 Dungeon Crawl Stone Soup version 0.30-a0-1160-g6e42c06551 (webtiles) character file.

Game seed: 5619986957870277877

360 mandoloar the Insei (level 6, -1/42 HPs)
             Began as an Octopode Transmuter on Apr 25, 2023.
             Slain by an orc
             ... wielding a +0 trident
              (6 damage)
             ... on level 4 of the Dungeon.
             The game lasted 00:20:33 (5967 turns).

mandoloar the Insei (Octopode Transmuter)           Turns: 5967, Time: 00:20:33

Health: -1/42      AC:  1    Str: 10    XL:     6   Next: 65%
Magic:  18/18      EV: 14    Int: 17    God:
Gold:   264        SH:  0    Dex: 12    Spells: 6/9 levels left

rFire   . . .        a - +4 spear (heavy)
rCold   . . .        (no shield)
rNeg    . . .        (helmet restricted)
rPois   .            (no amulet)
rElec   .            g - ring of magical power
rCorr   .            (no ring)
SInv    .            (no ring)
Will    .....        (no ring)
Stlth   ++           (no ring)
HPRegen 0.27/turn    (no ring)
MPRegen 0.16/turn    (no ring)
                     (no ring)

%: no passive effects
@: confused, wereblooded (expiring)
A: almost no armour, amphibious, 8 rings, camouflage 1, gelatinous body 1,
(nimble swimmer 1), tentacles
a: no special abilities


You were on level 4 of the Dungeon.
You visited 1 branch of the dungeon, and saw 4 of its levels.
You also visited: Sewer.

You collected 264 gold pieces.

Inventory:

Hand Weapons
 a - a +4 heavy spear (weapon)
 b - a +0 sling
Missiles
 j - 37 stones
Armour
 e - a +1 kite shield
Jewellery
 g - a ring of magical power (left tentacle)
Scrolls
 c - a scroll of teleportation
 i - 2 scrolls of identify
 m - a scroll of blinking
 n - a scroll of enchant armour
Potions
 f - 2 potions of might
 h - a potion of cancellation
 k - a potion of attraction


   Skills:
 + Level 3.3 Fighting
 + Level 3.9 Dodging
 - Level 4.0 Stealth
 + Level 4.4 Unarmed Combat
 - Level 2.0 Spellcasting
 - Level 2.0 Transmutations


You had 6 spell levels left.
You knew the following spells:

 Your Spells              Type           Power      Damage    Failure   Level
a - Beastly Appendage     Tmut           16%        N/A       9%          1
b - Wereblood             Tmut           8%         N/A       13%         2

Your spell library contained the following spells:

 Spells                   Type           Power      Damage    Failure   Level
 Spider Form              Tmut/Pois      5%         N/A       36%         3
 Ice Form                 Ice/Tmut       5%         N/A       77%         4
 Conjure Ball Lightning   Conj/Air       0%         3x3d6     100%        6
 Discord                  Hex            0%         N/A       100%        8
 Disjunction              Tloc           0%         N/A       100%        8


Dungeon Overview and Level Annotations

Branches:
Dungeon (4/15)              Sewer (visited)
 Temple: D:4-7

Altars:


Innate Abilities, Weirdness & Mutations

You cannot wear most types of armour.
You are amphibious.
You can wear up to eight rings at the same time.
Your skin changes colour to match your surroundings (Stealth+).
Your rubbery body absorbs attacks. (AC +1, EV +1)
((You are camouflaged when in or above water. (Stealth+)))
You have tentacles for arms and can constrict up to eight enemies at once.


Message History

The orc wizard casts a spell at you. The puff of flame hits you!
You howl as the wereblood boils in your veins!
You hear a shout!
The orc wizard gestures wildly while chanting.
The orc wizard flickers and vanishes!
Deactivating autopickup; reactivate with Ctrl-A.
You miss something.
You feel less confused. Something hits you.
An orc comes into view. It is wielding a +0 trident.
You hit something.
You pierce something.
Your squeeze misses something.
You hear some strange, mumbled words.
You are confused.
Something hits you but does no damage. Something hits you.
Something completely misses you.
Your tentacle spike disappears.
Something hits you. Something hits you. The orc hits you with a +0 trident!
* * * LOW HITPOINT WARNING * * *
You are too confused!
Unknown command.
You are more confused.
You feel invigorated. The orc barely misses you. Something hits you.
* * * LOW HITPOINT WARNING * * *
You completely miss something. Your squeeze misses something.
You howl as the wereblood boils in your veins!
Your primal bloodlust is almost over.
Something hits you.
The orc closely misses you. x2; Something hits you.
You barely miss something.
You feel less invigorated.
You hear some strange, mumbled words.
A magic dart appears from out of thin air!
The magic dart hits you!
* * * LOW HITPOINT WARNING * * *
The orc closely misses you.
You completely miss something. Something hits you.
* * * LOW HITPOINT WARNING * * *
The orc barely misses you. The orc hits you with a +0 trident.
You die...

##### #...# #########.#.#
#.....#.)...###
#.###.#<).....# #)#
#.#[##.##.# ###########.#
#.#.......#
......>..†..###'#..#.####
.........@{........#.#
..........o........#.#
.##..............###.#
..#.............'...# ..
#.............##..# .
#....#########..# ..
..... #..... #....
##.#..# #. .#..#


You could see an orc.

Vanquished Creatures
  A bullfrog (Sewer)
  Terence (D:3)
  Ijyb (D:3)
  An orc wizard (D:4)
  4 gnolls
  2 adders (Sewer)
  2 worms
  A dart slug (D:1)
  5 orcs
  11 ball pythons
  12 bats
  15 endoplasms
  16 giant cockroaches
  9 hobgoblins
  7 jackals
  4 kobolds
  8 quokkas
  13 frilled lizards
  9 goblins
  15 rats
137 creatures vanquished.

Notes
Turn   | Place    | Note
-------+----------+-------------------------------------------
     0 | D:1      | mandoloar the Octopode Transmuter began the quest for the
                  | Orb.
     0 | D:1      | Reached XP level 1. HP: 13/13 MP: 3/3
    65 | D:1      | Reached skill level 1 in Stealth
    65 | D:1      | Reached XP level 2. HP: 16/18 MP: 3/5
    68 | D:1      | Learned a level 2 spell: Wereblood
   285 | D:1      | Found a faded altar of an unknown god.
   540 | D:1      | Reached XP level 3. HP: 23/23 MP: 6/6
  1764 | D:2      | Reached XP level 4. HP: 15/29 MP: 4/7
  3132 | D:3      | Reached XP level 5. HP: 35/35 MP: 8/8
  3259 | D:3      | Noticed Ijyb
  3265 | D:3      | Killed Ijyb
  3384 | D:3      | Found a glowing drain.
  3423 | Sewer    | Entered a sewer
  4407 | Sewer    | Reached XP level 6. HP: 15/42 MP: 9/9
  5026 | D:3      | Noticed Terence
  5035 | D:3      | Killed Terence
  5967 | D:4      | Slain by an orc

Illustrated notes

Levels and vault maps discovered:
D:1:      dpeg_arrival_prison, layout_rooms, basic_ecumenical_altar,
          chequers_decorated_corner, amcnicky_mini_corridor_feature,
          grunt_decor_clamped, minmay_3d_cube
D:2:      layout_basic
D:3:      layout_loops_ring, gup_sewer_entry_bowl, roderic_roman_lattice,
          st_stairs_12, kennysheep_generic_room_8, uniq_terence, uniq_ijyb
D:4:      layout_basic, okawaru_metal_pillars_3, minmay_temple_entry_mini_moons

Skill      XL: |  1  2  3  4  5 |
---------------+----------------+-----
Stealth        | 1 2 3 4 |  4.0
Fighting       | 2 3 |  3.3
Dodging        | 3 |  3.9
Unarmed Combat | 4 |  4.4
Spellcasting   | |  2.0
Transmutations | |  2.0

Action                     |  1- 3 |  4- 6 || total
---------------------------+-------+-------++-------
  Melee: Unarmed           |    21 |       ||    21
         Kick              |    28 |    21 ||    49
         Constrict         |    22 |    20 ||    42
         Dagger            |    68 |    25 ||    93
         Tentacles         |    11 |    10 ||    21
         Punch             |     1 |       ||     1
         Spear             |       |   117 ||   117
   Fire: Sling             |       |     6 ||     6
  Throw: Stone             |     5 |     2 ||     7
         Boomerang         |     2 |    29 ||    31
         Dart              |     1 |     4 ||     5
   Cast: Beastly Appendage |    30 |    33 ||    63
         Wereblood         |    13 |    29 ||    42
    Use: Scroll            |     3 |    11 ||    14
         Potion            |       |     2 ||     2
   Stab: Sleeping          |     3 |    12 ||    15
 Armour: Skin              |     7 |     6 ||    13
  Dodge: Dodged            |    53 |    66 ||   119

Table legend: (Time is in decaauts)
 A = Elapsed time spent in this place.
 B = Non-inter-level travel time spent in this place.
 C = Inter-level travel time spent in this place.
 D = Time resting spent in this place.
 E = Time spent auto-exploring this place.
 F = Levels seen in this place.
 G = Mean time per level.
                   A        B        C        D        E       F      G
               +--------+--------+--------+--------+--------+-----+--------+
         Total |   6051 |   5822 |    229 |   2246 |   2260 |   5 | 1210.2 |
       Dungeon |   4847 |   4618 |    229 |   1617 |   1976 |   4 | 1211.8 |
         Sewer |   1204 |   1204 |      0 |    629 |    284 |   1 | 1204.0 |
               +--------+--------+--------+--------+--------+-----+--------+

Top non-repeatable levels by time:
     D:2: 1595 daAuts
     D:3: 1488 daAuts
     D:1: 1340 daAuts
   Sewer: 1204 daAuts
     D:4: 424 daAuts
